Map: [ESL] Alcyone

Players

Ukko - Winner!

  • Race: Zerg Zerg
  • Spawn Location: 1:00

MCanning

  • Race: Protoss Protoss
  • Spawn Location: 7:00

Event: ESL SC2 Masters 2023 Winter (Regional)

VOD

Have the link to the VOD?

Description

Time

  • Played on: Nov. 2, 2023, 2:48 p.m.
  • Length: 10:58

All games in this series

Show
View Real Time Build Order
Export as new Build Order

Ukko Zerg - Winner!

Build Orders: Hatch First 

Get SALT Encoding   

  12  0:00  Drone  
  13  0:12  Overlord  
  13  0:16  Drone  
  14  0:31  Drone x2  
  16  0:47  Hatchery  
  15  0:52  Drone  
  15  0:55  Drone  
  17  0:58  Drone  
  18  1:10  Extractor  
  17  1:13  Spawning Pool  
  17  1:17  Drone  
  17  1:20  Drone  
  18  1:27  Drone  
  19  1:38  Drone  
  20  1:49  Overlord  
  20  1:59  Queen  
  20  2:00  Queen  
  20  2:01  Zergling x2  
  25  2:02  Drone  
  26  2:11  Drone x2  
  28  2:17  Metabolic Boost  
  28  2:22  Drone x2  
  30  2:31  Drone  
  30  2:32  Drone  
  30  2:35  Queen  
  34  2:44  Hatchery  
  33  2:48  Overlord  
  33  2:51  Drone  
  33  2:55  Drone x2  
  36  3:03  Overlord  
  36  3:06  Queen  
  38  3:14  Drone x3, Spore Crawler  
  38  3:19  Drone  
  42  3:21  Zergling x2  
  42  3:22  Queen  
  42  3:24  Zergling x2  
  46  3:27  Drone  
  47  3:34  Drone  
  47  3:36  Drone  
  49  3:43  Queen  
  51  3:49  Overlord  
  51  3:50  Overlord  
  51  3:53  Overlord  
  51  3:54  Spore Crawler  
  50  4:05  Overlord  
  50  4:06  Queen  
  50  4:07  Drone x6  
  50  4:09  Zergling x4  
  62  4:19  Drone x5  
  62  4:23  Drone  
  65  4:24  Lair  
  65  4:26  Drone x2  
  65  4:30  Roach Warren  
  66  4:33  Drone x3  
  69  4:44  Drone x6  
  75  4:55  Overlord x2, Hatchery  
  75  4:59  Evolution Chamber  
  72  5:03  Zergling x6  
  72  5:04  Drone x4  
  72  5:07  Spore Crawler  
  78  5:08  Extractor  
  77  5:20  Drone x7  
  84  5:23  Glial Reconstitution  
  84  5:25  Overseer  
  84  5:30  Spore Crawler  
  84  5:31  Drone x6  
  84  5:32  Extractor  
  84  5:33  Extractor  
  87  5:35  Extractor  
  87  5:40  Drone x3  
  87  5:46  Zerg Melee Weapons Level 1  
  87  5:47  Overlord x4  
  85  5:59  Drone x7, Baneling Nest  
  85  6:00  Extractor  
  90  6:08  Drone x3  
  93  6:16  Drone x7  
  100  6:19  Spore Crawler  
  100  6:23  Overlord x5  
  101  6:25  Roach  
  101  6:28  Overseer  
  101  6:33  Infestation Pit, Overlord  
  101  6:34  Roach x2  
  101  6:36  Roach  
  101  6:39  Hatchery  
  105  6:42  Roach x2  
  105  6:45  Roach x3  
  115  6:48  Drone  
  115  6:49  Roach x2  
  115  6:51  Centrifugal Hooks  
  120  6:56  Zergling x2, Roach x4  
  127  7:04  Zergling x14  
  134  7:08  Roach x4  
  134  7:14  Hive  
  142  7:21  Roach x7  
  156  7:23  Overlord  
  156  7:24  Overlord  
  156  7:31  Roach x5  
  156  7:33  Zergling x6  
  167  7:41  Overlord x2  
  167  7:42  Overlord  
  170  7:44  Zergling x14  
  173  7:56  Extractor  
  172  8:01  Zergling x24  
  181  8:11  Zergling x14  
  188  8:17  Extractor  
  187  8:28  Zergling x24  
  199  8:43  Baneling x12  
  199  8:44  Baneling x48  
  199  8:45  Baneling  
  171  9:13  Zergling x24  
  165  9:18  Zergling x22  
  165  9:19  Zergling x14  
  165  9:22  Zergling x2  
  172  9:30  Zergling x16  
  172  9:36  Drone, Spire  
  168  9:49  Baneling x32  
  168  9:57  Zergling x14  
  171  10:01  Overlord  
  171  10:02  Overlord  
  169  10:08  Zergling x2  
  169  10:09  Zergling x12  
  146  10:21  Zergling x4  
  146  10:22  Zergling x22  
  146  10:26  Zergling x10  
  153  10:31  Zergling x10  
  138  10:49  Ultralisk Cavern  
Show
View Real Time Build Order
Export as new Build Order

MCanning Protoss 

Build Orders: 1 Gate Expand, Oracle Opening, Archon Immortal 

Get SALT Encoding   

  12  0:00  Probe  
  13  0:12  Probe  
  14  0:20  Pylon  
  14  0:24  Probe  
  15  0:38  Gateway, Probe (Chrono Boost)  
  16  0:48  Assimilator  
  16  0:49  Probe (Chrono Boost)  
  17  0:54  Probe (Chrono Boost)  
  18  1:04  Probe  
  19  1:17  Probe  
  20  1:24  Nexus  
  20  1:34  Cybernetics Core  
  20  1:37  Probe  
  21  1:41  Assimilator  
  21  1:49  Probe (Chrono Boost)  
  21  1:52  Pylon  
  23  2:01  Probe (Chrono Boost)  
  23  2:08  Probe (Chrono Boost), Adept (Chrono Boost)  
  26  2:19  Stargate, Probe  
  27  2:27  Warp Gate  
  27  2:34  Probe (Chrono Boost)  
  27  2:36  Probe (Chrono Boost)  
  29  2:37  Stalker  
  32  2:47  Probe (Chrono Boost)  
  32  2:48  Probe (Chrono Boost)  
  33  2:52  Probe (Chrono Boost)  
  33  2:56  Probe  
  35  3:03  Probe  
  36  3:08  Void Ray (Chrono Boost), Probe  
  41  3:15  Probe  
  41  3:18  Pylon  
  42  3:20  Probe  
  42  3:24  Gateway  
  44  3:27  Probe  
  44  3:32  Probe  
  45  3:36  Assimilator, Oracle (Chrono Boost)  
  45  3:39  Probe  
  49  3:44  Pylon, Probe  
  50  3:51  Probe  
  51  3:56  Probe  
  51  4:02  Nexus  
  52  4:03  Probe  
  52  4:07  Pylon  
  53  4:10  Probe  
  53  4:15  Probe  
  55  4:22  Adept x2  
  55  4:23  Probe (Chrono Boost)  
  60  4:27  Probe (Chrono Boost)  
  60  4:29  Robotics Facility  
  61  4:37  Forge  
  63  4:39  Twilight Council, Probe (Chrono Boost)  
  63  4:41  Probe (Chrono Boost)  
  63  4:44  Sentry x2  
  67  4:46  Probe (Chrono Boost)  
  67  4:47  Assimilator  
  67  4:48  Probe (Chrono Boost)  
  69  4:55  Probe  
  69  4:58  Pylon  
  70  5:07  Gateway  
  70  5:09  Gateway  
  72  5:14  Charge, Probe (Chrono Boost)  
  72  5:15  Probe (Chrono Boost)  
  72  5:18  Immortal (Chrono Boost), Probe (Chrono Boost)  
  75  5:21  Protoss Ground Weapons Level 1 (Chrono Boost)  
  75  5:26  Probe (Chrono Boost)  
  76  5:29  Pylon  
  76  5:30  Probe (Chrono Boost)  
  76  5:32  Probe (Chrono Boost)  
  76  5:33  Probe (Chrono Boost)  
  76  5:35  Probe (Chrono Boost)  
  77  5:38  Probe  
  77  5:40  Probe  
  80  5:45  Zealot x2  
  80  5:47  Probe  
  80  5:48  Immortal (Chrono Boost)  
  85  5:50  Probe  
  85  5:52  Pylon, Probe  
  91  5:59  Probe  
  91  6:01  Templar Archives  
  91  6:02  Probe  
  93  6:07  Shield Battery  
  93  6:10  Probe  
  94  6:11  Assimilator  
  94  6:15  Assimilator  
  94  6:17  Zealot x3  
  100  6:20  Immortal  
  104  6:33  Nexus, Psionic Storm  
  104  6:35  Probe  
  104  6:36  Pylon  
  104  6:37  Probe  
  106  6:45  Pylon  
  106  6:47  Gateway x2  
  106  6:48  High Templar  
  106  6:52  Pylon  
  106  7:02  High Templar x2  
  106  7:03  Immortal (Chrono Boost)  
  114  7:12  Photon Cannon  
  114  7:13  Photon Cannon  
  114  7:15  Photon Cannon  
  114  7:16  Protoss Ground Weapons Level 2 (Chrono Boost), Gateway  
  114  7:19  Zealot  
  114  7:22  Photon Cannon  
  116  7:24  Pylon  
  116  7:29  Photon Cannon  
  116  7:31  Shield Battery  
  116  7:36  Photon Cannon  
  114  7:41  High Templar  
  114  7:42  High Templar  
  114  7:43  Photon Cannon  
  118  7:46  Archon  
  118  7:47  Probe, Pylon  
  118  7:50  Zealot x4  
  127  7:52  Probe  
  127  7:54  Phoenix  
  127  7:55  Photon Cannon  
  130  8:01  Dark Shrine  
  124  8:09  Probe  
  125  8:14  Fleet Beacon, Stargate, Probe  
  125  8:17  Shield Battery  
  125  8:18  High Templar, Warp Prism (Chrono Boost)  
  128  8:24  Photon Cannon  
  130  8:27  Probe x4  
  130  8:31  Assimilator  
  134  8:35  Assimilator  
  134  8:39  Probe  
  134  8:40  High Templar  
  137  8:44  Zealot x3  
  137  8:45  Zealot  
  137  8:46  Observer  
  146  8:59  High Templar x2  
  150  9:04  Archon  
  150  9:07  Archon  
  150  9:09  Zealot  
  129  9:10  Zealot x3  
  129  9:12  Probe x4  
  109  9:19  Zealot  
  109  9:22  Carrier (Chrono Boost), Immortal  
  109  9:24  Probe  
  88  9:25  Probe  
  88  9:26  Probe  
  91  9:35  Stalker x4  
  91  9:36  Zealot x2, Probe  
  91  9:38  Probe  
  103  9:41  Probe  
  104  9:49  Nexus  
  104  9:52  Pylon  
  104  10:01  Zealot  
  104  10:03  Adept x4  
  104  10:06  Sentry  
  107  10:24  Zealot x3  
  107  10:25  Zealot  
  109  10:33  Zealot x2  
  109  10:35  Probe  
  85  10:43  Probe x2  
Tags
 
Add a new tag
Caveats
  • Supply blocks, unpowered buildings, or Contaminate may cause inaccurate times.
  • Supply counts are checked every 10 seconds.